Selects Heavy Armor Battlegroup
Construct Field Infirmary
Construct Section Command Post
Construct Section Command Post
Selects Engineer Detachments
Construct Platoon Command Post
6-pounder Anti-tank Gun Team
Selects Light Vehicle Withdraw and Refit
Unlock M3 Stuart Light Tanks
Selects Crusader AA Medium Tank
6-pounder Anti-tank Gun Team
Unlock Bishop Self-propelled Artillery
Bishop Self-propelled Artillery
6-pounder Anti-tank Gun Team
6-pounder Anti-tank Gun Team